 Seeded DCSS version 0.31-a0-544-gceb718ecc6 (webtiles) character file.

Game seed: 3826825538972431165 (custom seed)

55 innerfire43 the Trooper (level 3, -5/29 HPs)
             Began as a Demonspawn Monk on Aug 15, 2023.
             Was a Believer of Qazlal.
             Shot with an arrow by a centaur (9 damage)
             ... on level 4 of the Dungeon.
             The game lasted 00:01:27 (814 turns).

innerfire43 the Trooper (Demonspawn Monk)            Turns: 814, Time: 00:01:28

Health: -5/29      AC:  6    Str: 13    XL:     3   Next: 67%
Magic:  3/3        EV: 13    Int: 11    God:    Qazlal [**....]
Gold:   133        SH:  6    Dex: 15    Spells: 2/2 levels left

rFire   . . .        a - +0 spear
rCold   . . .        d - orb {light}
rNeg    . . .        b - +0 robe
rPois   .            (no helmet)
rElec   +            e - +1 cloak of the Morning Star {Rampage rElec Regen+}
rCorr   .            (no gloves)
SInv    .            (no boots)
Will    .....        (no amulet)
Stlth   +            (no ring)
HPRegen 1.04/turn    (no ring)
MPRegen 0.08/turn

%: rampage
@: glowing
A: molten scales 1, condensation shield
a: Renounce Religion, Upheaval


You were on level 4 of the Dungeon.
You worshipped Qazlal.
Qazlal was pleased with you.
You visited 1 branch of the dungeon, and saw 3 of its levels.

You collected 133 gold pieces.

Inventory:

Hand Weapons
 a - a +0 spear (weapon)
Armour
 b - a +0 robe (worn)
 d - an orb of light (worn)
 e - the +1 cloak of the Morning Star (worn) {Rampage rElec Regen+}
   (You acquired it on level 1 of the Dungeon)

   rElec:     It insulates you from electricity.
   Regen+:    It increases your rate of health regeneration.
   Rampage:   It bestows one free step when moving towards enemies.
Scrolls
 f - 2 scrolls of vulnerability {unknown}
 g - a scroll of amnesia {unknown}
 h - a scroll of brand weapon {unknown}
 j - 2 scrolls of identify {unknown}
 k - a scroll of noise {unknown}
Potions
 c - a potion of ambrosia
 i - a potion of mutation {unknown}
 l - a potion of enlightenment {unknown}


   Skills:
 + Level 3.6 Fighting
 + Level 3.2 Polearms
 + Level 0.6 Armour
 + Level 3.2 Dodging


You had 2 spell levels left.
You didn't know any spells.
Your spell library was empty.

Dungeon Overview and Level Annotations

Branches:
Dungeon (2/15)

Altars:
Qazlal

Annotations:
D:4 Grinder


Innate Abilities, Weirdness & Mutations

You are partially covered in molten scales. (AC +2)
A meltable shield of frost defends you. (SH +4)


Message History

A ball python comes into view.
The ball python hisses angrily.
You reach to attack!
You hit the ball python.
You kill the ball python!
Unknown command.
Found a ring mail.
No target in view!
Unknown command.
Found a leather armour.
Found a stone staircase leading up.
No target in view!
Unknown command.
Found a stormy altar of Qazlal.
No target in view!
There is a stormy altar of Qazlal here.
You kneel at the altar of Qazlal.
Qazlal welcomes you!
You are now surrounded by a storm.
You can now call upon nature to destroy your foes.
Qazlal grants you and your divine allies immunity to clouds.
You hear the slow hiss of an avalanche of sand nearby.
A goblin comes into view. It is wielding a +0 dagger.
The goblin shouts!
You hear a shout!
The goblin unwields a +0 dagger.
The goblin wields a +0 sling.
The goblin shoots a sling bullet.
You block the sling bullet.
Grinder comes into view.
Grinder shouts!
A centaur comes into view.
The centaur shouts!
The goblin shoots a sling bullet.
You block the sling bullet.
The centaur wields a +0 orcbow.
The centaur shoots an arrow.
The arrow hits you!
The goblin shoots a sling bullet.
The sling bullet closely misses you.
The centaur shoots an arrow.
The arrow hits you!
Grinder blinks!
The goblin shoots a sling bullet.
The sling bullet barely misses you.
The centaur shoots an arrow.
The arrow hits you. Grinder gestures at you. Pain shoots through your body!
* * * LOW HITPOINT WARNING * * *
The centaur shoots an arrow.
The arrow hits you!
You die...

## #..### ..#### #.##
#..... #.#
#..#.##.#######
#.......†.....
##..##.####### ##..#.#
..#####+#####...#
.......@........#####
....c.g.......#.....#
....#..5......#####.####
... #........[# #....# .
#.........# ####..
#.........# #..
#.........# #..
#...<[....# #.. ###


You could see Grinder, a centaur and a goblin.

Vanquished Creatures
  Jessica (D:2)
  A dart slug (D:1)
  3 bats (D:1)
  4 endoplasms
  3 giant cockroaches (D:1)
  2 goblins (D:1)
  A hobgoblin (D:1)
  2 kobolds (D:1)
  3 ball pythons
  A frilled lizard (D:1)
  4 rats (D:1)
25 creatures vanquished.

Notes
Turn   | Place    | Note
-------+----------+-------------------------------------------
     0 | D:1      | innerfire43 the Demonspawn Monk began the quest for the
                  | Orb.
     0 | D:1      | Reached XP level 1. HP: 18/18 MP: 1/1
   185 | D:1      | Gained mutation: A meltable shield of frost defends you.
                  | (SH +4) [demonic ancestry]
   185 | D:1      | Reached XP level 2. HP: 24/24 MP: 2/2
   202 | D:1      | Identified a scroll of acquirement
   202 | D:1      | Acquired the +1 cloak of the Morning Star {Rampage rElec
                  | Regen+}
   639 | D:2      | Noticed Jessica
   647 | D:2      | Killed Jessica
   648 | D:2      | Gained mutation: You are partially covered in molten
                  | scales. (AC +2) [demonic ancestry]
   648 | D:2      | Reached XP level 3. HP: 27/29 MP: 3/3
   738 | D:2      | You fall into a shaft and drop 2 floors!
   776 | D:4      | Found a stormy altar of Qazlal.
   787 | D:4      | Became a worshipper of Qazlal Stormbringer
   787 | D:4      | Reached * piety under Qazlal
   787 | D:4      | Reached ** piety under Qazlal
   809 | D:4      | Noticed Grinder
   811 | D:4      | Noticed a centaur
   814 | D:4      | Shot with an arrow by a centaur

Illustrated notes

Levels and vault maps discovered:
D:1:      roderic_crop_circles_arrival_large, layout_basic
D:2:      layout_basic, minmay_distorted, uniq_robin, uniq_jessica
D:4:      layout_rooms, nicolae_qazlal_eye_of_the_storm,
          mainiacjoe_overflow_chevrons, minmay_temple_entry_statues_fountains,
          gup_ossuary_entry_pyramid, nicolae_elevator_lobby_asterisk,
          uniq_grinder, uniq_eustachio, uniq_pikel, uniq_duvessa

Skill      XL: |  1  2 |
---------------+-------+-----
Polearms       | 3 |  3.2
Dodging        | 3 |  3.2
Fighting       | |  3.6
Armour         | |  0.6

Action                     || total
---------------------------++-------
  Melee: Spear             ||    70
    Use: Scroll            ||     1
 Armour: Robe              ||    14
  Dodge: Dodged            ||    43
  Block: Orb               ||     8

Table legend: (Time is in decaauts)
 A = Elapsed time spent in this place.
 B = Non-inter-level travel time spent in this place.
 C = Inter-level travel time spent in this place.
 D = Time resting spent in this place.
 E = Time spent auto-exploring this place.
 F = Levels seen in this place.
 G = Mean time per level.
                   A        B        C        D        E       F      G
               +--------+--------+--------+--------+--------+-----+--------+
         Total |    810 |    788 |     22 |      0 |    593 |   3 |  270.0 |
       Dungeon |    810 |    788 |     22 |      0 |    593 |   3 |  270.0 |
               +--------+--------+--------+--------+--------+-----+--------+

Top non-repeatable levels by time:
     D:1: 635 daAuts
     D:2: 99 daAuts
     D:4: 75 daAuts
